Cogmind - Beta 11.1 @@@ ROGUE MODE // 2022.06.04 @ 02:34:27 Player: Exp. Geonium Core Result: Destroyed by H-88 Terminator with KE Penetrator Performance ------------- Evolutions (9) 4500 Regions Visited (26) 5200 Robots Destroyed (163) 815 Value Destroyed (8364) 8364 Prototype IDs (87) 1740 Alien Tech Used (3) 600 Bonus (8021) 8021 TOTAL SCORE: 29240 Bonus ------- High Alert Combat Kills 1414 Follower Combat Kills 269 Aligned with FarCom 300 Met Data Miner 300 Destroyed Z-Imprinter 1000 Met Zhirov 300 Hacked Protovariant 500 Acquired SGEMP 2000 Delivered SGEMP 2000 Friendly Fire -62 Cogmind --------- Core Integrity 0/1600 Matter 19/300 Energy 99/100 System Corruption 3% Temperature Cool (0) Movement Core (50) Location -1/Command Parts ------- > --- POWER (2) -------- (None) > --- PROPULSION (8) --- (None) > --- UTILITY (13) ----- (None) > --- WEAPON (3) ------- (None) > --- INVENTORY (5) ---- (None) Peak State ------------ > --- POWER ------------ Light Quantum Reactor Reinforced Quantum Reactor > --- PROPULSION ------- Armored Heavy Treads Armored Heavy Treads Improved Heavy Siege Treads Biometal Heavy Treads > --- UTILITY ---------- Advanced Cooling System High-capacity Storage Unit Spectral Analyzer Advanced Target Analyzer Improved Armor Integrity Analyzer Quantum Capacitor Layered Heavy Armor Plating Graphene Brace Advanced Force Field Advanced Hacking Suite Improved Corruption Screen > --- WEAPON ----------- Null Cannon Heavy Shock Bomb Launcher CR-A16's Behemoth Slayer > --- INVENTORY -------- Light Quantum Reactor Reinforced Quantum Reactor Armored Heavy Treads Biometal Heavy Treads Improved Component Analysis Suite Improved Dynamic Insulation System Enhanced Nova Cannon Disintegrator Tri-rail Accelerator Omega Cannon Smartbomb Launcher Fusion Bomb Launcher Plasma Sword [Rating: 211] Favorites ----------- Power Zionite Light DM Reactor Engine Ion Engine Power Core Light Fission Core Reactor Zionite Light DM Reactor Propulsion Zionite Glidesys I Treads Light Treads Leg Flexi-carbon Leg Wheel Compact Wheel Hover Unit Zionite Glidesys I Flight Unit Cesium-ion Thruster Utility High-capacity Storage Unit Device Advanced Sensor Array Storage High-capacity Storage Unit Processor Improved Signal Interpreter Hackware Hacking Suite Protection Light Armor Plating Weapon Assault Rifle Energy Gun Zionite Laser-M Energy Cannon Null Cannon Ballistic Gun Assault Rifle Ballistic Cannon Hardcell Cannon Launcher Mini Grenade Launcher Special Weapon Improved Plasma Cutter Impact Weapon Powered Hammer Slashing Weapon Plasma Sword Piercing Weapon CR-A16's Behemoth Slayer Special Melee Weapon Improved Datajack Build | -11 -10 -10 -10 -9 -8 -7 -7 -7 -6 -6 -6 -6 -6 -6 -5 -5 -5 -5 -5 -4 -4 -3 -3 -2 -1 -1 ------- Run | Scr Mat Min Exi Min Mat Fac Low Dat Pro Fac Low Low Zio Dee Pro Fac Upp Upp Zhi Pro Fac Res Tes Res Acc Com Slots Evolved 18 | . . . . . 4 2 . . . 2 . . . . . 2 . . . . 2 2 . 2 2 . Power 1 | . . . . . . . . . . . . . . . . 1 . . . . . . . . . . Propulsion 5 | . . . . . 2 2 . . . . . . . . . . . . . . . . . 1 . . Utility 11 | . . . . . 1 . . . . 2 . . . . . 1 . . . . 2 2 . 1 2 . Weapon 1 | . . . . . 1 . . . . . . . . . . . . . . . . . . . . . Parts Attached 359 | . 2 4 1 6 7 8 5 1 4 10 3 2 4 42 3 6 15 10 4 29 67 21 49 8 26 22 Power 35 | . . 1 . . . . 1 . . 2 . . . 1 . 1 1 1 1 4 5 3 8 . 2 4 Engine 1 | . . 1 . . . . . . . . . . . . . . . . . . . . . . . . Core 7 | . . . . . . . 1 . . 1 . . . . . . . . 1 . 4 . . . . . Reactor 27 | . . . . . . . . . . 1 . . . 1 . 1 1 1 . 4 1 3 8 . 2 4 Propulsion 78 | . 2 . . . 1 2 2 . 1 2 . . . 9 . . . 4 1 6 25 4 9 1 6 3 Treads 14 | . 2 . . . . . . . . . . . . . . . . . 1 1 3 . . . 4 3 Leg 9 | . . . . . . . . . . . . . . 1 . . . . . 5 3 . . . . . Wheel 7 | . . . . . . . . . . . . . . . . . . . . . 7 . . . . . Hover 40 | . . . . . . . . . . . . . . 8 . . . 4 . . 12 4 9 1 2 . Flight 8 | . . . . . 1 2 2 . 1 2 . . . . . . . . . . . . . . . . Utility 136 | . . 2 1 2 2 2 2 1 3 5 3 2 3 19 3 5 11 5 1 13 20 5 10 4 9 3 Device 76 | . . 1 . . . 1 1 1 3 3 3 2 . 11 3 3 7 2 . 7 10 2 8 2 4 2 Storage 12 | . . 1 1 1 1 . 1 . . . . . . 4 . . . . . . 3 . . . . . Processor 12 | . . . . . . 1 . . . 1 . . . 2 . . 1 1 . . . 2 1 1 2 . Hackware 11 | . . . . . . . . . . 1 . . . . . 2 . . . . 6 . . 1 1 . Protection 25 | . . . . 1 1 . . . . . . . 3 2 . . 3 2 1 6 1 1 1 . 2 1 Artifact . | . . . . . . . . . . . . . . . . . . . . . . . . . . . Weapon 110 | . . 1 . 4 4 4 . . . 1 . . 1 13 . . 3 . 1 6 17 9 22 3 9 12 Energy Gun 18 | . . . . . . 1 . . . . . . . 6 . . 1 . . 3 . 2 4 1 . . Energy Cannon 15 | . . . . . . . . . . . . . . . . . . . . . 4 . 6 . 2 3 Ballistic Gun 6 | . . 1 . 2 2 1 . . . . . . . . . . . . . . . . . . . . Ballistic Cannon 21 | . . . . . 1 . . . . . . . . 4 . . . . . . 4 . 9 . 1 2 Launcher 20 | . . . . 2 1 . . . . . . . . 1 . . 1 . . 1 1 2 2 . 5 4 Special Weapon 5 | . . . . . . . . . . 1 . . 1 . . . . . . . . 3 . . . . Impact Weapon 4 | . . . . . . 2 . . . . . . . 1 . . . . . 1 . . . . . . Slashing Weapon 6 | . . . . . . . . . . . . . . . . . . . . . 4 . 1 . . 1 Piercing Weapon 14 | . . . . . . . . . . . . . . . . . 1 . 1 1 4 2 . 2 1 2 Special Melee Weapon 1 | . . . . . . . . . . . . . . 1 . . . . . . . . . . . . Unidentified Prototypes 35 | . . 1 . . . 1 1 . . 2 . . . 12 . . . . 2 . 2 . 10 1 3 . Corrupted Parts 1 | . . . . . . . . . . . . . . . . . . . . . . . . 1 . . System Corruption 4 | . . . . . . . . . . . . . . . . . . . . . . . . 4 . . Parts Lost 106 | . . . . . . . . . 1 . . . . 4 . . 7 1 . 12 34 6 8 1 6 26 Power 11 | . . . . . . . . . . . . . . . . . . . . 2 3 1 2 . . 3 Propulsion 40 | . . . . . . . . . 1 . . . . . . . 5 . . 2 19 1 3 . 2 7 Utility 34 | . . . . . . . . . . . . . . 2 . . 2 1 . 4 5 2 3 1 4 10 Weapon 21 | . . . . . . . . . . . . . . 2 . . . . . 4 7 2 . . . 6 Highest Loss Streak 21 | . . . . . . . . . 1 . . . . 4 . . 6 1 . 4 10 4 5 1 3 21 To Critical Strikes . | . . . . . . . . . . . . . . . . . . . . . . . . . . . Average Slot Usage (%) 79 | . 85 85 93 98 70 75 62 64 63 77 81 80 80 79 98 100 79 60 51 60 79 77 77 84 77 66 Engine 3 | . 14 14 14 14 9 7 5 . . . . . . . . . . . . . . . . . . . Core 1 | . . . . . . . 1 7 7 5 6 6 6 1 . . . . . 1 2 3 . . . . Reactor 3 | . . . . . . . . . . . . . . 4 6 11 8 4 4 4 3 4 8 8 7 6 Treads 8 | . 28 28 28 28 . . . . . . . . . . . . . . 1 5 5 . . . 9 12 Leg 1 | . . . . . . . . . . . . . . . . . . . . 9 7 1 . . . . Hover 8 | . . . . . . . . . . . . . . 29 43 38 26 10 9 . 4 13 17 20 5 . Flight 3 | . . . . . 9 23 24 28 27 25 25 25 25 6 . . . . . . . . . . . . Device 6 | . . . . . . . 7 7 7 11 12 11 10 12 10 6 8 5 5 8 9 10 7 9 10 12 Storage 7 | . 14 14 21 14 9 7 7 7 7 6 6 6 6 5 6 5 5 5 5 5 5 4 4 4 3 2 Processor 7 | . . . . . . 2 . . . 6 6 6 4 6 12 11 11 13 11 11 6 11 17 16 17 14 Hackware 4 | . . . . . . . . . . 5 6 6 5 . . 9 2 . . . 16 13 12 10 12 3 Protection 3 | . . . . 12 18 11 . . . . . . 4 4 . . 1 4 . 3 1 . . 4 1 1 Energy Gun 1 | . . . . . . . . . . . . . . 2 6 5 3 5 5 4 . . . 2 . . Ballistic Gun 6 | . 28 28 28 27 16 9 . . . . . . . . . . . . . . . . . . . . Launcher 2 | . . . . . 9 7 7 7 7 6 6 6 4 . 6 5 5 5 5 3 1 . . 3 . 2 Impact Weapon 1 | . . . . . . 4 7 7 7 6 6 6 6 . 6 5 2 . . . . . . . . . Naked Turns 2 | . . . . . . . . . . . . . . . . . . . . . . . . . . 2 Heaviest Build 152 | 13 13 16 34 53 36 41 59 61 61 62 62 62 63 117 67 77 78 64 70 86 99 93 100 87 114 152 Greatest Support 270 | 20 40 40 40 40 50 60 66 66 67 67 65 65 65 104 104 76 90 30 70 140 100 90 90 102 270 270 Greatest Overweight (x) 3 | . . . . 1 . . . . . . . . . 3 . 1 2 2 2 1 3 2 1 . 1 . Average Overweight (x) . | . . . . . . . . . . . . . . . . . . 1 1 . . . . . . . Largest Inventory Capacity 20 | . 8 8 15 20 20 15 20 20 20 20 20 20 20 20 20 20 20 20 20 20 20 20 20 20 20 20 Average Capacity 17 | . 8 7 13 19 15 15 19 20 20 20 20 20 20 12 20 20 20 20 20 20 18 20 20 20 20 18 Most Carried 20 | . 7 8 15 20 19 15 20 18 19 20 20 20 20 20 20 20 20 20 19 20 20 20 20 20 20 20 Average Carried 15 | . 5 7 12 18 14 14 16 17 17 19 19 19 19 10 19 19 18 17 15 17 15 16 19 19 15 13 Final Capacity 20 | 8 8 8 15 20 15 15 20 20 20 20 20 20 20 20 20 20 20 20 20 20 20 20 20 20 20 5 Final Carried 20 | 6 7 8 15 20 14 13 18 17 18 20 20 20 20 20 20 19 16 14 19 16 11 20 20 20 15 . Class Distribution -------------------- 29% | Mutant 18% | Scavenger-Mutant 16% | Hacker-Mutant 5% | Scavenger-Scout 5% | Scout 4% | Sprinter 4% | Hacker-Sprinter 3% | Scavenger-Assassin Dominant Class ---------------- Mutant | -10/Materials Mutant | -10/Mines Mutant | -10/Exiles Mutant | -9/Mines Tank | -8/Materials Mutant | -7/Factory Mutant | -7/Lower Caves Sprinter | -7/Data Miner Sprinter | -6/Proximity Caves Scout | -6/Factory Scout | -6/Lower Caves Scout | -6/Lower Caves Scout | -6/Zion Scavenger-Mutant | -6/Deep Caves Scavenger-Scout | -5/Proximity Caves Scavenger-Mutant | -5/Factory Scavenger-Scout | -5/Upper Caves Mutant | -5/Upper Caves Mutant | -5/Zhirov Scavenger-Mutant | -4/Proximity Caves Hacker-Mutant | -4/Factory Hacker-Sprinter | -3/Research Hacker-Mutant | -3/Testing Scavenger-Scout | -2/Research Hacker-Mutant | -1/Access Scavenger-Mutant | -1/Command Resources | -11 -10 -10 -10 -9 -8 -7 -7 -7 -6 -6 -6 -6 -6 -6 -5 -5 -5 -5 -5 -4 -4 -3 -3 -2 -1 -1 ----------- Run | Scr Mat Min Exi Min Mat Fac Low Dat Pro Fac Low Low Zio Dee Pro Fac Upp Upp Zhi Pro Fac Res Tes Res Acc Com Matter Collected 5452 | 200 . 96 22 190 70 40 76 . 199 . . 24 34 502 44 23 193 68 100 362 932 194 846 364 418 455 Remotely . | . . . . . . . . . . . . . . . . . . . . . . . . . . . Salvage Created 7098 | . . 64 . 246 . . . . 32 . . . . 462 . 23 250 151 100 868 1575 241 727 479 904 976 Parts 323 | . . 4 . 16 . . . . 4 . . . . 27 . . 14 8 1 31 63 19 35 25 48 28 Haulers Intercepted 3 | . . . . . . . . . . . . . . . . . . . . . 2 . . . 1 . Recyclers Shooed 10 | . . 1 . . . . . . . . . . . . . . . . . . 1 . 1 . 2 5 Parts Field Recycled . | . . . . . . . . . . . . . . . . . . . . . . . . . . . Retrieved Matter . | . . . . . . . . . . . . . . . . . . . . . . . . . . . Parts Self-Destructed 56 | . . . . . . . . . 11 . . . . . . . 18 5 . 22 . . . . . . Prevented . | . . . . . . . . . . . . . . . . . . . . . . . . . . . Kills | -11 -10 -10 -10 -9 -8 -7 -7 -7 -6 -6 -6 -6 -6 -6 -5 -5 -5 -5 -5 -4 -4 -3 -3 -2 -1 -1 ------- Run | Scr Mat Min Exi Min Mat Fac Low Dat Pro Fac Low Low Zio Dee Pro Fac Upp Upp Zhi Pro Fac Res Tes Res Acc Com Combat Hostiles Destroyed 122 | . . 3 . 6 . . . . 5 . . . . 11 . . 5 4 . 14 19 3 11 3 17 21 Melee 8 | . . . . . . . . . . . . . . . . . . . . 1 6 . 1 . . . Guns 14 | . . 3 . 2 . . . . . . . . . . . . 2 . . 7 . . . . . . Cannons 40 | . . . . . . . . . . . . . . 11 . . . . . . 9 . 7 . 6 7 AOE 43 | . . . . 4 . . . . 4 . . . . . . . 2 4 . 5 3 2 . . 9 10 Classes Destroyed 22 | . . 2 . 5 . . . . 1 . . . . 1 . . 1 1 . 1 4 1 3 . . 2 Worker 12 | . . 1 . . . . . . . . . . . . . 1 . . . . 1 3 1 1 1 3 Builder 7 | . . . . . . . . . . . . . . . . . . . . . 1 1 3 1 1 . Tunneler 3 | . . . . 2 . . . . . . . . . . . . . . . . 1 . . . . . Hauler 3 | . . . . . . . . . . . . . . . . . . . . . 2 . . . 1 . Recycler 10 | . . . . 1 . . . . . . . . . . . . . . . . 4 . 1 . 1 3 Mechanic 1 | . . . . . . . . . . . . . . . . . . . . . . . 1 . . . Operator 2 | . . . . . . . . . . . . . . . . . . . . . 1 . . 1 . . Watcher 5 | . . . . . . . . . . . . . . . . . . . . . . 1 . 2 1 1 Swarmer 29 | . . 3 . . . . . . 4 . . . . . . . 2 4 . . 6 . . . 4 6 Grunt 20 | . . . . 2 . . . . . . . . . . . . . . . 8 5 . . . 2 3 Brawler 1 | . . . . . . . . . . . . . . . . . . . . . . . . . . 1 Duelist 3 | . . . . . . . . . . . . . . . . . . . . 2 1 . . . . . Sentry 6 | . . . . 2 . . . . . . . . . . . . . . . 1 . 1 . . 1 1 Hunter 19 | . . . . . . . . . 1 . . . . . . . 2 . . 2 2 . 2 2 4 4 Programmer 20 | . . . . . . . . . . . . . . . . . . . . . 4 2 6 . 5 3 Behemoth 6 | . . . . . . . . . . . . . . . . . 1 . . 1 1 . . 1 1 1 Striker 3 | . . . . . . . . . . . . . . . . . . . . . . . 2 . . 1 Executioner 1 | . . . . . . . . . . . . . . . . . . . . . . . . . . 1 Alpha 7 1 | . . . . . . . . . . . . . . . . . . . . . . . 1 . . . Z-Light 11 | . . . . . . . . . . . . . . 11 . . . . . . . . . . . . Packrat 1 | . . . . . . . . . . . . . . . . . . 1 . . . . . . . . Samaritan 1 | . . . . . . . . . . . . . . . . . . 1 . . . . . . . . Assembled 2 | . . . . 2 . . . . . . . . . . . . . . . . . . . . . . Best Kill Streak 17 | . . 4 . 2 . . . . 3 . . . . 5 . 1 2 4 . 4 7 6 4 5 8 17 Combat Bots Only 10 | . . 3 . 2 . . . . 3 . . . . 5 . . 2 4 . 4 6 2 4 2 6 10 Max Kills in Single Turn 3 | . . 1 . 1 . . . . 1 . . . . 1 . 1 2 3 . 3 2 2 1 1 3 3 Gunslinging . | . . . . . . . . . . . . . . . . . . . . . . . . . . . Exploded 3 | . . . . 1 . . . . 1 . . . . . . . 2 3 . 3 2 1 . . 3 3 Melee 1 | . . . . . . . . . . . . . . . . . . . . 1 1 . 1 . . . Uniques/NPCs Destroyed 1 | . . . . . . . . . . . . . . 1 . . . . . . . . . . . . Z-Imprinter (-6/Deep Caves) Combat | -11 -10 -10 -10 -9 -8 -7 -7 -7 -6 -6 -6 -6 -6 -6 -5 -5 -5 -5 -5 -4 -4 -3 -3 -2 -1 -1 -------- Run | Scr Mat Min Exi Min Mat Fac Low Dat Pro Fac Low Low Zio Dee Pro Fac Upp Upp Zhi Pro Fac Res Tes Res Acc Com Damage Taken 23396 | . . 174 . 193 . . 285 . 571 33 . . . 663 . . 545 117 . 2508 4623 986 1803 343 2923 7629 Core 3353 | . . 35 . 57 . . 94 . 53 6 . . . 89 . . 49 31 . 283 477 155 373 45 88 1518 Absorbed by Shields 970 | . . . . . . . . . . . . . . . . . . . . . 30 . . . 328 612 Reduced by Siege Mode 256 | . . . . . . . . . . . . . . . . . . . . . 256 . . . . . Redirected to Shielding 416 | . . . . . . . . . . . . . . 57 . . 61 48 . 201 38 11 . . . . Core Remaining (%) 77 | 100 . . . 63 100 . . . 79 . . . . . 88 . . . . 63 52 . 59 96 . . Volleys Fired 334 | . . 13 . 15 . . . . 13 2 . . . 8 . . 5 12 . 36 54 9 31 5 56 75 Largest 3 | . . 2 . 2 . . . . 1 1 . . . 2 . . 1 2 . 3 3 3 1 1 1 1 Hottest 225 | . . 40 . 40 . . . . 30 30 . . . 60 . . 60 90 . 225 195 94 200 46 130 200 Shots Fired 437 | . . 26 . 20 . . . . 13 2 . . . 44 . . 5 13 . 58 74 14 32 5 56 75 Gun 107 | . . 26 . 10 . . . . . . . . . 3 . . 4 11 . 46 . 1 5 1 . . Cannon 219 | . . . . . . . . . . . . . . 31 . . . . . . 64 . 26 . 42 56 Launcher 93 | . . . . 10 . . . . 13 2 . . . . . . 1 2 . 12 10 5 1 4 14 19 Special 18 | . . . . . . . . . . . . . . 10 . . . . . . . 8 . . . . Kinetic 178 | . . 26 . 10 . . . . . . . . . 31 . . . . . . 60 . 18 . 27 6 Thermal 138 | . . . . . . . . . . . . . . 10 . . . . . 46 . 9 8 . 15 50 Explosive 81 | . . . . 10 . . . . 13 2 . . . . . . 1 2 . 12 10 5 1 . 9 16 Electromagnetic 22 | . . . . . . . . . . . . . . . . . . . . . 4 . 5 5 5 3 Phasic 18 | . . . . . . . . . . . . . . 3 . . 4 11 . . . . . . . . Robot Hit Streak 18 | . . 4 . 6 . . . . 8 . . . . 9 . . 5 6 . 14 18 8 15 1 14 16 Robot Miss Streak 9 | . . 2 . 1 . . . . 1 . . . . 3 . . . 7 . 9 3 1 2 1 3 4 Penetration Max 1 | . . . . . . . . . . . . . . . . . . . . . . . 1 . . . Secondary Targets 2 | . . . . . . . . . . . . . . . . . . . . 2 . . . . . . Max Gunslinging Chain 1 | . . . . . . . . . . . . . . . . . . . . 1 . . . . . . Capacitor 68 | . . . . . . . . . . . . . . . . . . . . . 3 . . . 15 50 Autonomous 31 | . . . . . . . . . . . . . . 31 . . . . . . . . . . . . Shots Hit Robots 367 | . . 17 . 8 . . . . 12 . . . . 31 . 1 11 5 1 45 79 15 36 11 42 53 Core Hits 275 | . . 8 . 10 . . . . 16 . . . . 12 . . 7 7 . 39 36 14 21 7 46 52 Critical Kills 7 | . . . . . . . . . . . . . . . . . . . . 1 . . 3 . 1 2 Critical Parts Destroyed . | . . . . . . . . . . . . . . . . . . . . . . . . . . . Critical Strikes 31 | . . . . . . . . . . . . . . 5 . . . . . 1 8 1 7 1 4 4 Meltdown 6 | . . . . . . . . . . . . . . . . . . . . . . . 3 . 1 2 Blast 19 | . . . . . . . . . . . . . . 5 . . . . . . 5 . 4 . 3 2 Smash 1 | . . . . . . . . . . . . . . . . . . . . 1 . . . . . . Sever 3 | . . . . . . . . . . . . . . . . . . . . . 2 . . 1 . . Impale 2 | . . . . . . . . . . . . . . . . . . . . . 1 1 . . . . Melee Attacks 183 | . . . . . . 14 1 . 3 4 . . 3 1 . 2 10 3 1 5 60 16 34 14 9 3 Impact 32 | . . . . . . 14 1 . 3 4 . . 3 . . 2 1 . . 4 . . . . . . Slashing 80 | . . . . . . . . . . . . . . . . . . . . . 40 . 21 13 5 1 Piercing 70 | . . . . . . . . . . . . . . . . . 9 3 1 1 20 16 13 1 4 2 Sneak Attacks 24 | . . . . . . . . . . . . . . 1 . 1 . 2 . . 10 2 6 2 . . Combat Hostiles . | . . . . . . . . . . . . . . . . . . . . . . . . . . . Follow-up Attacks 2 | . . . . . . . . . . . . . . . . . . . . . 2 . . . . . Damage Inflicted 27473 | . . 188 . 455 . . . . 1085 . . . . 2401 . 49 574 553 . 1999 4218 892 2738 892 4142 7287 Guns 1575 | . . 172 . 89 . . . . . . . . . 33 . . 132 165 . 972 . . 9 3 . . Cannons 11894 | . . . . . . . . . . . . . . 2283 . . . . . . 1676 . 1708 . 2355 3872 Explosions 9033 | . . . . 353 . . . . 939 . . . . . . . 65 193 . 932 425 480 267 263 1739 3377 Melee 4744 | . . . . . . . . . 146 . . . . . . 49 377 195 . 95 2117 299 754 626 48 38 Ramming 29 | . . 16 . 13 . . . . . . . . . . . . . . . . . . . . . . Kinetic 7676 | . . 172 . 89 . . . . . . . . . 2283 . . . . . . 1544 . 1679 . 1437 472 Thermal 6389 | . . . . 91 . . . . . . . . . 85 . . . . . 972 316 113 214 . 1198 3400 Explosive 7294 | . . . . 262 . . . . 939 . . . . . . . 65 193 . 932 109 480 82 . 1039 3193 Electromagnetic 1011 | . . . . . . . . . . . . . . . . . . . . . 132 . 9 266 420 184 Impact 290 | . . . . . . . . . 146 . . . . . . 49 . . . 95 . . . . . . Slashing 2798 | . . . . . . . . . . . . . . . . . . . . . 1495 . 591 626 48 38 Piercing 1656 | . . . . . . . . . . . . . . . . . 377 195 . . 622 299 163 . . . Phasic 330 | . . . . . . . . . . . . . . 33 . . 132 165 . . . . . . . . Highest Corruption 6 | . . . . . . . . . . . . . . . . . . . . . 5 1 6 4 . 3 Average Corruption 2 | . . . . . . . . . . . . . . . . . . . . . 4 1 2 4 . 2 Corruption Purged . | . . . . . . . . . . . . . . . . . . . . . . . . . . . Corruption Blocked 30 | . . . . . . . 15 . . . . . . . . . . . . . . . . . 7 8 Effects 26 | . . . . . . . . . . . . . . . . . . . . . 10 . 14 1 . 1 Message Errors 5 | . . . . . . . . . . . . . . . . . . . . . 1 . 4 . . . Matter Fused 5 | . . . . . . . . . . . . . . . . . . . . . 4 . 1 . . . Heat Flow Errors 3 | . . . . . . . . . . . . . . . . . . . . . 1 . 2 . . . Energy Discharges 3 | . . . . . . . . . . . . . . . . . . . . . 1 . 2 . . . Data Loss (minor) 4 | . . . . . . . . . . . . . . . . . . . . . 1 . 2 1 . . Data Loss (major) 1 | . . . . . . . . . . . . . . . . . . . . . . . . . . 1 Misfires 3 | . . . . . . . . . . . . . . . . . . . . . 1 . 2 . . . Alerts 1 | . . . . . . . . . . . . . . . . . . . . . 1 . . . . . Weapon Failures 1 | . . . . . . . . . . . . . . . . . . . . . . . 1 . . . Overload Shots 3 | . . . . . . . . . . . . . . . . . . . . 3 . . . . . . Effects 1 | . . . . . . . . . . . . . . . . . . . . 1 . . . . . . Short Circuit 1 | . . . . . . . . . . . . . . . . . . . . 1 . . . . . . Overflow Damage 2527 | . . . . . . . . . 93 . . . . 580 . 9 85 10 . 4 492 25 377 205 76 571 Projectiles 1595 | . . . . . . . . . . . . . . 580 . . . . . . 109 . 336 . 38 532 Explosions 246 | . . . . . . . . . 32 . . . . . . . . 10 . 4 73 16 34 . 38 39 Melee 686 | . . . . . . . . . 61 . . . . . . 9 85 . . . 310 9 7 205 . . Knockbacks 47 | . . . . . . . . . 3 . . . . 9 . 1 . . . . 8 . 10 . 10 6 Impact 4 | . . . . . . . . . 3 . . . . . . 1 . . . . . . . . . . Kinetic 40 | . . . . . . . . . . . . . . 9 . . . . . . 8 . 9 . 8 6 Secondary 3 | . . . . . . . . . . . . . . . . . . . . . . . 1 . 2 . Self-Inflicted Damage 994 | . . . . 53 . . . . . . . . . . . . . 49 . 229 207 . 86 . 14 356 Shots 22 | . . . . 3 . . . . . . . . . . . . . 1 . 5 5 . 1 . 1 6 Rammed 7 | . . 5 . 2 . . . . . . . . . . . . . . . . . . . . . . Targets Rammed 9 | . . 5 . 4 . . . . . . . . . . . . . . . . . . . . . . Kicked . | . . . . . . . . . . . . . . . . . . . . . . . . . . . Crushed 2 | . . . . 2 . . . . . . . . . . . . . . . . . . . . . . Highest Temperature 375 | . . . . 15 . 235 1 1 26 3 . . 203 164 . . 80 140 . 220 265 20 375 . 162 306 Average Temperature 63 | . . . . 6 . 111 1 1 7 2 . . 106 52 . . 11 68 . 76 59 5 63 . 85 113 Received Heat Transfer 1372 | . . . . 101 . . . . 54 6 . . . 198 . . 48 . . 271 381 108 . 9 105 91 Effects 3 | . . . . . . 2 . . . . . . . . . . . . . . . . 1 . . . Shutdowns 1 | . . . . . . . . . . . . . . . . . . . . . . . 1 . . . Interference 2 | . . . . . . 2 . . . . . . . . . . . . . . . . . . . . Siege Activations 1 | . . . . . . . . . . . . . . . . . . . . . 1 . . . . . Total Turns 58 | . . . . . . . . . . . . . . . . . . . . . 58 . . . . . Longest Duration 58 | . . . . . . . . . . . . . . . . . . . . . 58 . . . . . Robots Corrupted 3 | . . . . . . . . . . . . . . . . . . . . . . . . 2 . 1 Combat Hostiles 3 | . . . . . . . . . . . . . . . . . . . . . . . . 2 . 1 Parts Fried 7 | . . . . . . . . . . . . . . . . 2 . . . . . . . 2 2 1 Impact Corruptions 3 | . . . . . . . . . 2 . . . . . . 1 . . . . . . . . . . Robots Melted 7 | . . . . . . . . . . . . . . . . . . . . . . 1 3 . 1 2 Combat Hostiles 7 | . . . . . . . . . . . . . . . . . . . . . . 1 3 . 1 2 Parts Melted 27 | . . . . . . . . . . . . . . . . . 2 . . 1 . 4 17 . . 3 Heat Transferred 4501 | . . . . 100 . . . . . . . . . 73 . . . . . 1234 200 259 100 . 700 1835 Parts Sabotaged . | . . . . . . . . . . . . . . . . . . . . . . . . . . . Parts Stolen 5 | . . . . . . . . . . . . . . . . . . 5 . . . . . . . . Parts Stripped . | . . . . . . . . . . . . . . . . . . . . . . . . . . . Power Chain Reactions 3 | . . . . . . . . . . . . . . . . . . . . . . . 1 . 2 . Missiles Intercepted . | . . . . . . . . . . . . . . . . . . . . . . . . . . . Alert | -11 -10 -10 -10 -9 -8 -7 -7 -7 -6 -6 -6 -6 -6 -6 -5 -5 -5 -5 -5 -4 -4 -3 -3 -2 -1 -1 ------- Run | Scr Mat Min Exi Min Mat Fac Low Dat Pro Fac Low Low Zio Dee Pro Fac Upp Upp Zhi Pro Fac Res Tes Res Acc Com Peak Influence 1388 | . 20 97 . 207 82 113 . . . 228 . . . . . 41 . . . . 289 467 520 526 925 1388 Initial 532 | . . 7 . . 55 37 . . . 150 . . . . . . . . . . 56 151 270 292 315 532 Average 211 | . 5 28 . 92 74 70 . . . 188 . . . . . 27 . . . . 59 220 358 423 558 860 Maximum Alert Level 4 | . . . . 1 . . . . . 1 . . . . . . . . . . 1 2 2 2 3 4 Low Security (%) 60 | . 100 100 . 78 100 100 . . . 73 . . . . . 100 . . . . 93 46 . . . . Level 1 19 | . . . . 21 . . . . . 26 . . . . . . . . . . 6 50 64 39 13 . Level 2 13 | . . . . . . . . . . . . . . . . . . . . . . 3 35 60 53 46 Level 3 4 | . . . . . . . . . . . . . . . . . . . . . . . . . 33 31 Level 4 1 | . . . . . . . . . . . . . . . . . . . . . . . . . . 21 Level 5 . | . . . . . . . . . . . . . . . . . . . . . . . . . . . High Security . | . . . . . . . . . . . . . . . . . . . . . . . . . . . Max Security . | . . . . . . . . . . . . . . . . . . . . . . . . . . . Squads Dispatched 22 | . 1 . . . . 2 . . . 2 . . . . . 1 . . . . 4 1 5 . 5 1 Investigation 3 | . . . . . . 1 . . . 2 . . . . . . . . . . . . . . . . Extermination 8 | . . . . . . 1 . . . . . . . . . . . . . . 2 . 3 . 1 1 Reinforcement 8 | . 1 . . . . . . . . . . . . . . 1 . . . . 2 1 1 . 2 . Assault 3 | . . . . . . . . . . . . . . . . . . . . . . . 1 . 2 . Garrison . | . . . . . . . . . . . . . . . . . . . . . . . . . . . Intercept . | . . . . . . . . . . . . . . . . . . . . . . . . . . . Searches Triggered . | . . . . . . . . . . . . . . . . . . . . . . . . . . . Data Miner Redirects 3 | . . . . . . . . . . 2 . . . . . . . . . . . . 1 . . . Construction Impeded 1 | . . . . . . . . . . . . . . . . . . . . . . . . . 1 . Haulers Reinforced 1 | . . . . . . . . . . . . . . . . . . . . . . . . . 1 . Active Scanning Responses . | . . . . . . . . . . . . . . . . . . . . . . . . . . . Cargo Convoy Interrupts . | . . . . . . . . . . . . . . . . . . . . . . . . . . . Stealth | -11 -10 -10 -10 -9 -8 -7 -7 -7 -6 -6 -6 -6 -6 -6 -5 -5 -5 -5 -5 -4 -4 -3 -3 -2 -1 -1 --------- Run | Scr Mat Min Exi Min Mat Fac Low Dat Pro Fac Low Low Zio Dee Pro Fac Upp Upp Zhi Pro Fac Res Tes Res Acc Com Distress Signals 14 | . . . . 1 . . . . . . . . . . . . . . . . 4 . . 1 3 5 Communications Jammed 49 | . . . . . . . . . . . . . . . . . . . . . 49 . . . . . Distress Signals 49 | . . . . . . . . . . . . . . . . . . . . . 49 . . . . . Times Spotted 224 | . 1 4 . 10 . 6 5 . 13 1 . . . 12 . 2 5 8 . 14 28 15 24 11 32 33 Peak Tracking Total 11 | . . 3 . 4 . 4 3 . 6 1 . . . 5 . 1 2 4 . 4 9 11 5 6 7 11 Tactical Retreats 12 | . . 1 . 2 . 2 . . . . . . . . . . . . . . . 2 . 1 1 3 Traps | -11 -10 -10 -10 -9 -8 -7 -7 -7 -6 -6 -6 -6 -6 -6 -5 -5 -5 -5 -5 -4 -4 -3 -3 -2 -1 -1 ------- Run | Scr Mat Min Exi Min Mat Fac Low Dat Pro Fac Low Low Zio Dee Pro Fac Upp Upp Zhi Pro Fac Res Tes Res Acc Com Traps Triggered 6 | . . . . . . . . . . . . . . . . . . . . . 2 1 3 . . . Indirectly . | . . . . . . . . . . . . . . . . . . . . . . . . . . . Trap Hack Attempts . | . . . . . . . . . . . . . . . . . . . . . . . . . . . Triggered . | . . . . . . . . . . . . . . . . . . . . . . . . . . . Disarmed . | . . . . . . . . . . . . . . . . . . . . . . . . . . . Reprogrammed . | . . . . . . . . . . . . . . . . . . . . . . . . . . . Reused 2 | . . . . 2 . . . . . . . . . . . . . . . . . . . . . . Traps Extracted . | . . . . . . . . . . . . . . . . . . . . . . . . . . . Installed 4 | . . . . 4 . . . . . . . . . . . . . . . . . . . . . . Triggered 1 | . . . . 1 . . . . . . . . . . . . . . . . . . . . . . Most Traps Carried 4 | . . 4 4 4 . . . . . . . . . . . . . . . . . . . . . . Machines | -11 -10 -10 -10 -9 -8 -7 -7 -7 -6 -6 -6 -6 -6 -6 -5 -5 -5 -5 -5 -4 -4 -3 -3 -2 -1 -1 ---------- Run | Scr Mat Min Exi Min Mat Fac Low Dat Pro Fac Low Low Zio Dee Pro Fac Upp Upp Zhi Pro Fac Res Tes Res Acc Com Machines Disabled 15 | . . . . 1 . . . . . . . . . 1 . . . . . . 1 . 7 . 3 2 Max in Single Turn 1 | . . . . 1 . . . . . . . . . . . . . . . . 1 . 1 . 1 1 Garrison Access 3 | . . . . . . . . . . 1 . . . . . . . . . . 1 . . . 1 . Machines Sabotaged . | . . . . . . . . . . . . . . . . . . . . . . . . . . . Garrisons Compromised . | . . . . . . . . . . . . . . . . . . . . . . . . . . . Overloaded Fab Kills . | . . . . . . . . . . . . . . . . . . . . . . . . . . . Hacking | -11 -10 -10 -10 -9 -8 -7 -7 -7 -6 -6 -6 -6 -6 -6 -5 -5 -5 -5 -5 -4 -4 -3 -3 -2 -1 -1 --------- Run | Scr Mat Min Exi Min Mat Fac Low Dat Pro Fac Low Low Zio Dee Pro Fac Upp Upp Zhi Pro Fac Res Tes Res Acc Com Machines Accessed 50 | . 1 2 1 . 1 7 . 4 . 8 . . . . . 2 . . 4 . 8 2 5 3 1 1 Terminals 30 | . 1 1 . . 1 4 . . . 5 . . . . . 2 . . . . 6 2 4 3 . 1 Fabricators 5 | . . . . . . 2 . . . 2 . . . . . . . . . . 1 . . . . . Repair Stations . | . . . . . . . . . . . . . . . . . . . . . . . . . . . Recycling Units . | . . . . . . . . . . . . . . . . . . . . . . . . . . . Scanalyzers 1 | . . . . . . . . . . . . . . . . . . . . . . . 1 . . . Garrison Access 4 | . . . . . . 1 . . . 1 . . . . . . . . . . 1 . . . 1 . Total Hacks 143 | . 2 2 1 . 3 13 . 28 . 23 . . . . . 4 . . 16 . 27 5 8 7 2 2 Successful 86 | . 1 1 1 . 2 6 . 28 . 11 . . . . . 1 . . 16 . 10 1 4 3 1 . Failed 57 | . 1 1 . . 1 7 . . . 12 . . . . . 3 . . . . 17 4 4 4 1 2 Catastrophic 16 | . . . . . . 3 . . . 1 . . . . . 3 . . . . 5 1 1 2 . . Database Lockouts . | . . . . . . . . . . . . . . . . . . . . . . . . . . . Manual 62 | . . 1 1 . 3 7 . . . 16 . . . . . 5 . . . . 23 1 2 3 . . Terminals 74 | . 2 1 . . 3 7 . . . 14 . . . . . 4 . . . . 22 5 7 7 . 2 Fabricators 15 | . . . . . . 5 . . . 6 . . . . . . . . . . 4 . . . . . Repair Stations . | . . . . . . . . . . . . . . . . . . . . . . . . . . . Recycling Units . | . . . . . . . . . . . . . . . . . . . . . . . . . . . Scanalyzers 1 | . . . . . . . . . . . . . . . . . . . . . . . 1 . . . Garrison Access 7 | . . . . . . 1 . . . 3 . . . . . . . . . . 1 . . . 2 . Terminal Hacks 69 | . 1 1 1 . 1 3 . 28 . 5 . . . . . 1 . . 16 . 6 1 3 2 . . Record 16 | . . . . . . . . 11 . . . . . . . . . . 5 . . . . . . . Part Schematic 16 | . . . . . . . . 10 . 2 . . . . . . . . 3 . 1 . . . . . Robot Schematic 4 | . . . . . . . . 4 . . . . . . . . . . . . . . . . . . Robot Analysis 4 | . . . . . . . . . . . . . . . . . . . 4 . . . . . . . Prototype ID Bank 8 | . . . . . . . . 3 . 1 . . . . . . . . 4 . . . . . . . Open Door 1 | . . 1 . . . . . . . . . . . . . . . . . . . . . . . . Level Access Points 2 | . . . . . . . . . . . . . . . . . . . . . . . 1 1 . . Branch Access Points 4 | . . . . . . 1 . . . . . . . . . 1 . . . . 1 1 . . . . Terminal Index 3 | . . . . . 1 1 . . . 1 . . . . . . . . . . . . . . . . Fabricator Index 1 | . . . . . . . . . . . . . . . . . . . . . 1 . . . . . Alert Level 1 | . . . . . . . . . . . . . . . . . . . . . . . . 1 . . Unreport Threat 2 | . . . . . . . . . . . . . . . . . . . . . 2 . . . . . Locate Traps 1 | . . . . . . 1 . . . . . . . . . . . . . . . . . . . . Hauler Manifests 1 | . 1 . . . . . . . . . . . . . . . . . . . . . . . . . Registered Components 2 | . . . . . . . . . . 1 . . . . . . . . . . 1 . . . . . Zone Layout 1 | . . . . . . . . . . . . . . . . . . . . . . . 1 . . . EX-Prototype ID Bank 1 | . . . 1 . . . . . . . . . . . . . . . . . . . . . . . Protovariant Controls 1 | . . . . . . . . . . . . . . . . . . . . . . . 1 . . . Fabricator Hacks 3 | . . . . . . 1 . . . 2 . . . . . . . . . . . . . . . . Network Status 1 | . . . . . . 1 . . . . . . . . . . . . . . . . . . . . Load Schematic 1 | . . . . . . . . . . 1 . . . . . . . . . . . . . . . . Build 1 | . . . . . . . . . . 1 . . . . . . . . . . . . . . . . Repair Station Hacks . | . . . . . . . . . . . . . . . . . . . . . . . . . . . Recycling Unit Hacks . | . . . . . . . . . . . . . . . . . . . . . . . . . . . Scanalyzer . | . . . . . . . . . . . . . . . . . . . . . . . . . . . Garrison Access Hacks 3 | . . . . . . . . . . 1 . . . . . . . . . . 1 . . . 1 . Seal Access 3 | . . . . . . . . . . 1 . . . . . . . . . . 1 . . . 1 . Unauthorized Hacks 11 | . . . . . 1 2 . . . 3 . . . . . . . . . . 3 . 1 1 . . Terminals 5 | . . . . . 1 . . . . 2 . . . . . . . . . . 1 . . 1 . . Assimilate 1 | . . . . . . . . . . . . . . . . . . . . . 1 . . . . . Botnet 2 | . . . . . . . . . . 1 . . . . . . . . . . . . . 1 . . Operators 2 | . . . . . 1 . . . . 1 . . . . . . . . . . . . . . . . Fabricators 5 | . . . . . . 2 . . . 1 . . . . . . . . . . 2 . . . . . Report 1 | . . . . . . 1 . . . . . . . . . . . . . . . . . . . . Prioritize 1 | . . . . . . . . . . 1 . . . . . . . . . . . . . . . . Fabnet 1 | . . . . . . . . . . . . . . . . . . . . . 1 . . . . . Haulers 2 | . . . . . . 1 . . . . . . . . . . . . . . 1 . . . . . Repair Stations . | . . . . . . . . . . . . . . . . . . . . . . . . . . . Recycling Units . | . . . . . . . . . . . . . . . . . . . . . . . . . . . Scanalyzers 1 | . . . . . . . . . . . . . . . . . . . . . . . 1 . . . Researchers 1 | . . . . . . . . . . . . . . . . . . . . . . . 1 . . . Garrison Access . | . . . . . . . . . . . . . . . . . . . . . . . . . . . Data Cores Recovered 1 | . . . . . . . . . . . . . . . . . . . . . . . . 1 . . Used 1 | . . . . . . . . . . . . . . . . . . . . . . . . 1 . . Hacking Detections 37 | . 1 . . . 1 7 . . . 8 . . . . . 2 . . . . 6 2 5 3 1 1 Full Trace Events 3 | . . . . . . 1 . . . 2 . . . . . . . . . . . . . . . . Feedback Events . | . . . . . . . . . . . . . . . . . . . . . . . . . . . Feedback Blocked . | . . . . . . . . . . . . . . . . . . . . . . . . . . . Robot Schematics Acquired 7 | . . . . . . . . 4 . . . . 3 . . . . . . . . . . . . . Robots Built . | . . . . . . . . . . . . . . . . . . . . . . . . . . . Authchips . | . . . . . . . . . . . . . . . . . . . . . . . . . . . Time . | . . . . . . . . . . . . . . . . . . . . . . . . . . . Total Robot Build Rating . | . . . . . . . . . . . . . . . . . . . . . . . . . . . Part Schematics Acquired 30 | . . . . . . . . 10 . 2 . . 14 . . . . . 3 . 1 . . . . . Parts Built 2 | . . . . . . . . . . 2 . . . . . . . . . . . . . . . . Authchips . | . . . . . . . . . . . . . . . . . . . . . . . . . . . Time 53 | . . . . . . . . . . 53 . . . . . . . . . . . . . . . . Total Part Build Rating 12 | . . . . . . . . . . 12 . . . . . . . . . . . . . . . . Parts Repaired . | . . . . . . . . . . . . . . . . . . . . . . . . . . . Time . | . . . . . . . . . . . . . . . . . . . . . . . . . . . Parts Recycled . | . . . . . . . . . . . . . . . . . . . . . . . . . . . Recycled Matter . | . . . . . . . . . . . . . . . . . . . . . . . . . . . Retrieved Matter . | . . . . . . . . . . . . . . . . . . . . . . . . . . . Retrieved Components . | . . . . . . . . . . . . . . . . . . . . . . . . . . . Parts Scanalyzed . | . . . . . . . . . . . . . . . . . . . . . . . . . . . Part Schematics Acquired . | . . . . . . . . . . . . . . . . . . . . . . . . . . . Parts Damaged . | . . . . . . . . . . . . . . . . . . . . . . . . . . . Bothacking | -11 -10 -10 -10 -9 -8 -7 -7 -7 -6 -6 -6 -6 -6 -6 -5 -5 -5 -5 -5 -4 -4 -3 -3 -2 -1 -1 ------------ Run | Scr Mat Min Exi Min Mat Fac Low Dat Pro Fac Low Low Zio Dee Pro Fac Upp Upp Zhi Pro Fac Res Tes Res Acc Com Used RIF Installer . | . . . . . . . . . . . . . . . . . . . . . . . . . . . Robots Hacked 1 | . . . . . . . . . . . . . . 1 . . . . . . . . . . . . Non-combat . | . . . . . . . . . . . . . . . . . . . . . . . . . . . Combat 1 | . . . . . . . . . . . . . . 1 . . . . . . . . . . . . Robot Hacks Applied 1 | . . . . . . . . . . . . . . 1 . . . . . . . . . . . . parse_system 1 | . . . . . . . . . . . . . . 1 . . . . . . . . . . . . Relay Couplers Released . | . . . . . . . . . . . . . . . . . . . . . . . . . . . Fabnet Peak Effective % 3 | . . . . . . . . . . . . . . . . . . . . . . 3 3 1 . . Robots Rewired 2 | . . . . . . . . . . . . . . . . . 2 . . . . . . . . . Allies Hacked . | . . . . . . . . . . . . . . . . . . . . . . . . . . . Hacks Repelled . | . . . . . . . . . . . . . . . . . . . . . . . . . . . Allies | -11 -10 -10 -10 -9 -8 -7 -7 -7 -6 -6 -6 -6 -6 -6 -5 -5 -5 -5 -5 -4 -4 -3 -3 -2 -1 -1 -------- Run | Scr Mat Min Exi Min Mat Fac Low Dat Pro Fac Low Low Zio Dee Pro Fac Upp Upp Zhi Pro Fac Res Tes Res Acc Com Total Allies 8 | . . . . . . . . . 1 . . . . 1 . . 2 . . . 1 . . . 3 . Largest Group 3 | . . . . . . . . . 1 . . . . 1 . . 2 . . . 1 . . . 3 . Highest-Rated Group 374 | . . . . . . . . . 96 . . . . 119 . . 58 . . . 10 . . . 374 . Highest-Rated Ally 131 | . . . . . . . . . 96 . . . . 119 . . 29 . . . 10 . . . 131 . Total Orders 5 | . . . . . . . . . . . . . . 1 . . 4 . . . . . . . . . EXPLORE 3 | . . . . . . . . . . . . . . . . . 3 . . . . . . . . . RETURN 2 | . . . . . . . . . . . . . . 1 . . 1 . . . . . . . . . Ally Attacks 80 | . . . . . . . 5 . 21 . . . . 23 . . 19 . . . . . . . 12 . Total Damage 2165 | . . . . . . . . . 503 . . . . 996 . . 224 . . . . . . . 442 . Kills 14 | . . . . . . . . . 4 . . . . 6 . . . . . . . . . . 4 . Allies Corrupted . | . . . . . . . . . . . . . . . . . . . . . . . . . . . Allies Melted . | . . . . . . . . . . . . . . . . . . . . . . . . . . . Intel | -11 -10 -10 -10 -9 -8 -7 -7 -7 -6 -6 -6 -6 -6 -6 -5 -5 -5 -5 -5 -4 -4 -3 -3 -2 -1 -1 ------- Run | Scr Mat Min Exi Min Mat Fac Low Dat Pro Fac Low Low Zio Dee Pro Fac Upp Upp Zhi Pro Fac Res Tes Res Acc Com Robot Analysis Total 4 | . . . . . . . . . . . . . . . . . . . 4 . . . . . . . Derelict Logs Recovered 15 | . . 2 . 2 . . 1 . 1 . 3 1 1 . 1 . 1 1 . 1 . . . . . . Drone Launches 17 | . . . . . . . 5 . 1 . . . . 1 . . 10 . . . . . . . . . Drone Recoveries 4 | . . . . . . . . . . . . . . 1 . . 3 . . . . . . . . . Exploration | -11 -10 -10 -10 -9 -8 -7 -7 -7 -6 -6 -6 -6 -6 -6 -5 -5 -5 -5 -5 -4 -4 -3 -3 -2 -1 -1 ------------- Run | Scr Mat Min Exi Min Mat Fac Low Dat Pro Fac Low Low Zio Dee Pro Fac Upp Upp Zhi Pro Fac Res Tes Res Acc Com Turns Passed 12381 | . 141 921 620 1187 91 339 104 27 160 241 127 68 372 1161 277 130 630 322 295 1110 1535 334 1005 229 516 439 Spaces Moved 12988 | 1 86 538 380 353 150 777 250 83 335 642 410 217 1120 1838 445 261 740 206 152 498 877 481 1239 410 347 152 Core 18 | . . . . . . . . . . . . . . . . . . . . . . . . . . 18 Treads 2479 | . 82 538 380 353 . . . . . . . . . . . . . . 52 498 283 . . . 159 134 Legs 131 | 1 4 . . . . . . . . . . . . . . . . . . . 126 . . . . . Wheels 452 | . . . . . . . . . . . . . . . . . . . . . 403 49 . . . . Hover 5759 | . . . . . . . . . . . . . . 1673 445 261 740 206 100 . 65 432 1239 410 188 . Flight 4149 | . . . . . 150 777 250 83 335 642 410 217 1120 165 . . . . . . . . . . . . Fastest Speed 20 | 120 120 160 160 160 50 34 31 31 31 29 29 29 29 26 36 22 40 126 160 160 20 24 24 24 40 50 Average Speed 68 | 120 158 160 160 222 50 34 33 31 31 29 29 29 29 34 43 42 67 130 183 175 126 35 34 33 96 148 Slowest Speed 305 | 120 160 160 160 240 50 34 34 31 32 32 29 29 29 270 44 114 196 196 196 240 305 160 106 48 165 173 Overloaded Moves . | . . . . . . . . . . . . . . . . . . . . . . . . . . . Propulsion Burnouts . | . . . . . . . . . . . . . . . . . . . . . . . . . . . Robots Hopped 10 | . . . . . 4 3 1 . . 1 1 . . . . . . . . . . . . . . . Cave-ins Triggered 1 | . . . . . . . . . . . . . . . . . . . . . . . . . . 1 Teleports 1 | . . . . . . . . . . . . . . . . . . . . . 1 . . . . . Exploration Rate (%) 46 | 2 22 88 65 70 19 27 31 70 57 15 63 43 86 82 68 6 81 48 61 76 22 16 84 19 14 12 Regions Visited 26 Branch Regions 17 Pre-discovered Areas 11 | . . 1 . 2 . . . 1 . . 1 . 1 . . . . 1 3 1 . . . . . . Known Exits Taken 14 | . . . . . 1 1 . . . 1 . . . . 1 1 1 1 1 1 1 1 1 1 1 . Unknown Exits Taken 12 | 1 1 1 1 1 . . 1 1 1 . 1 1 1 1 . . . . . . . . . . . . Scrap Searched 22 | . . 3 . 1 . . 3 . 1 . . 1 5 . 1 . 3 1 . 3 . . . . . . Spaces Dug 200 | . . . . 49 . 14 1 . . 14 . . 2 . . . 1 . . 27 58 8 17 4 5 . Terrain Destroyed 704 | . . . . 76 . 14 1 . 73 14 . . 2 6 . . 4 13 . 109 120 46 51 4 59 112 Melee 63 | . . . . . . 14 1 . . 4 . . 2 . . . 1 . . . 9 8 15 4 5 . Projectile 50 | . . . . . . . . . . . . . . 6 . . . 6 . 10 15 . 2 . 3 8 AOE 591 | . . . . 76 . . . . 73 10 . . . . . . 3 7 . 99 96 38 34 . 51 104 Terrain Rammed . | . . . . . . . . . . . . . . . . . . . . . . . . . . . Walls Destroyed . | . . . . . . . . . . . . . . . . . . . . . . . . . . . Machines Disabled . | . . . . . . . . . . . . . . . . . . . . . . . . . . . Actions | -11 -10 -10 -10 -9 -8 -7 -7 -7 -6 -6 -6 -6 -6 -6 -5 -5 -5 -5 -5 -4 -4 -3 -3 -2 -1 -1 --------- Run | Scr Mat Min Exi Min Mat Fac Low Dat Pro Fac Low Low Zio Dee Pro Fac Upp Upp Zhi Pro Fac Res Tes Res Acc Com Total 15789 | . 92 573 395 729 163 824 267 84 370 683 417 222 1165 2350 526 277 855 247 167 665 1126 589 1715 472 476 340 Wait 1499 | . . 2 . 333 . 14 . . 12 8 . . 24 399 77 4 67 . . 88 21 39 303 30 14 64 Move 12942 | . 85 537 379 352 141 770 247 82 334 639 407 216 1119 1837 444 260 739 205 151 497 876 480 1238 409 346 152 Hop 10 | . . . . . 4 3 1 . . 1 1 . . . . . . . . . . . . . . . Pick Up 177 | . 3 6 8 10 3 5 8 . 1 9 3 2 6 19 1 3 5 6 5 4 26 9 18 2 7 8 Fast Attach 143 | . . 2 1 1 2 5 . . . 6 . . 1 30 . . . 1 2 9 39 11 21 3 8 1 Attach 173 | . 2 1 . . 4 3 3 1 4 3 3 2 3 11 2 3 14 9 2 13 22 7 23 3 15 20 Detach 86 | . . . . . 1 1 1 1 3 . . . 1 13 . . 7 7 3 6 5 5 15 2 6 9 Swap 46 | . . 1 . 5 1 . 3 . . 1 . . . 1 1 3 1 . 1 7 7 3 5 2 3 1 Drop 187 | . 2 6 7 5 7 9 3 . . 10 3 2 8 31 1 2 5 4 2 . 22 10 27 2 12 7 Fire 334 | . . 13 . 15 . . . . 13 2 . . . 8 . . 5 12 . 36 54 9 31 5 56 75 Melee 177 | . . . . . . 14 1 . 3 4 . . 3 1 . 2 10 3 1 5 54 16 34 14 9 3 Ram . | . . . . . . . . . . . . . . . . . . . . . . . . . . . Kick . | . . . . . . . . . . . . . . . . . . . . . . . . . . . Crush 9 | . . 5 . 4 . . . . . . . . . . . . . . . . . . . . . . Escape Stasis . | . . . . . . . . . . . . . . . . . . . . . . . . . . . Rewire 2 | . . . . . . . . . . . . . . . . . 2 . . . . . . . . . Trap 4 | . . . . 4 . . . . . . . . . . . . . . . . . . . . . . Miscellaneous . | . . . . . . . . . . . . . . . . . . . . . . . . . . . Route ------- -11/Scrapyard -10/Materials -10/Mines (discovered 2 exits: [*Mat] / *Exi) -10/Exiles -9/Mines -8/Materials -7/Factory (discovered 2 exits: *Low x2) -7/Lower Caves -7/Data Miner -6/Proximity Caves -6/Factory (discovered 2 exits: Fac / *Low) -6/Lower Caves -6/Lower Caves -6/Zion (discovered 2 exits: [*Dee] / [*Pro]) -6/Deep Caves -5/Proximity Caves -5/Factory (discovered 3 exits: *Fac / *Upp x2) -5/Upper Caves -5/Upper Caves -5/Zhirov -4/Proximity Caves -4/Factory (discovered 4 exits: *Res / Upp x2 / Arm) -3/Research (discovered 4 exits: *Res x2 / *Tes x2) -3/Testing -2/Research (discovered 3 exits: *Acc x3) -1/Access (discovered 2 exits: Sur / *Com) -1/Command History --------- Turn | Location | Event 1 | -11/Scrapyard | Discovered new exit (range 0) 1 | -11/Scrapyard | Entered Materials 129 | -10/Materials | Discovered new exit (range 8) 142 | -10/Materials | Entered Mines 149 | -10/Mines | Learned location of 1 exit from Materials 150 | -10/Mines | Discovered new exit (range 6) 161 | -10/Mines | Met a Derelict bent on vengeance 164 | -10/Mines | Found the Drone Emporium 173 | -10/Mines | Found Prototype Device 173 | -10/Mines | Identified Bomb Drone Bay 312 | -10/Mines | Build established: Mutant 335 | -10/Mines | Deemed a non-threat by the Exiles lab entrance 336 | -10/Mines | Discovered new exit (range 5) 761 | -10/Mines | Learned location of Zion (-6) 888 | -10/Mines | Found a hidden stash of uninstalled traps 1063 | -10/Mines | Entered Exiles 1103 | -10/Exiles | Met 8R-AWN 1129 | -10/Exiles | Met EX-HEX 1381 | -10/Exiles | Met EX-BIN 1468 | -10/Exiles | Aligned with FarCom system 1469 | -10/Exiles | Given EX-Vault access code 1506 | -10/Exiles | Opened EX-Vault 1523 | -10/Exiles | Found Flying Fortress v7 1528 | -10/Exiles | Found AWS/Autocannon 1563 | -10/Exiles | Warned to stay clear of 0b10 Research branches 1609 | -10/Exiles | Met EX-DEC 1667 | -10/Exiles | Discovered new exit (range 11) 1683 | -10/Exiles | Stole two prototypes: Flying Fortress v7, AWS/Autocannon 1683 | -10/Exiles | Entered Mines 1684 | -9/Mines | Assembled infested the area 2810 | -9/Mines | Discovered new exit (range 10) 2870 | -9/Mines | Entered Materials 2870 | -8/Materials | Evolved 4 slots: Propulsion x2, Utility x1, Weapon x1 2871 | -8/Materials | Identified exit to Factory 2961 | -8/Materials | Entered Factory 2961 | -7/Factory | Evolved 2 slots: Propulsion x2 2963 | -7/Factory | FarCom data flow suspended 2987 | -7/Factory | Discovered new exit (range 14) 3174 | -7/Factory | Identified exit to Lower Caves 3300 | -7/Factory | Entered Lower Caves 3300 | -7/Lower Caves | Spotted 2B-DP8(f) 3300 | -7/Lower Caves | Spotted RH-KE3(f) 3301 | -7/Lower Caves | Encountered a Master Thief 3301 | -7/Lower Caves | Encountered a Master Thief 3308 | -7/Lower Caves | Learned location of 2 exits from Factory 3313 | -7/Lower Caves | Spotted X0-PR7(f) 3314 | -7/Lower Caves | Encountered a Master Thief 3382 | -7/Lower Caves | Found Alien Artifact 3383 | -7/Lower Caves | Identified Core Expander 3383 | -7/Lower Caves | Installed Core Expander, added new Propulsion slot 3402 | -7/Lower Caves | A Derelict revealed a hidden shortcut to meet someone special 3404 | -7/Lower Caves | Entered Data Miner 3404 | -7/Data Miner | Discovered new exit (range 6) 3410 | -7/Data Miner | Met Data Miner 3417 | -7/Data Miner | Learned location of Section 7 (-2) 3417 | -7/Data Miner | Acquired the access code to Warlord's prototype stash 3422 | -7/Data Miner | Received God Mode back door access code from Data Miner 3431 | -7/Data Miner | Entered Proximity Caves 3456 | -6/Proximity Caves | Escorted by Enhanced Grunt 3571 | -6/Proximity Caves | Learned 8 Factory zone layouts 3589 | -6/Proximity Caves | Discovered new exit (range 4) 3591 | -6/Proximity Caves | Entered Factory 3591 | -6/Factory | Evolved 2 slots: Utility x2 3592 | -6/Factory | Identified exit to Factory 3592 | -6/Factory | Identified exit to Lower Caves 3655 | -6/Factory | Incoming investigation squad redirected 3685 | -6/Factory | Fabricated Imp. Plasma Cutter? 3793 | -6/Factory | Spotted B-75 Beast 3819 | -6/Factory | Incoming investigation squad redirected 3832 | -6/Factory | Entered Lower Caves 3858 | -6/Lower Caves | Encountered a Warlord checkpoint 3880 | -6/Lower Caves | Learned 4 Factory zone layouts 3894 | -6/Lower Caves | Build established: Scout 3946 | -6/Lower Caves | Discovered new exit (range 16) 3950 | -6/Lower Caves | Learned Factory terminal intel 3959 | -6/Lower Caves | Entered another Lower Caves area 3993 | -6/Lower Caves | Learned Factory terminal intel 4025 | -6/Lower Caves | Discovered new exit (range 7) 4027 | -6/Lower Caves | Entered Zion 4034 | -6/Zion | Found CR-A16's Pointy Stick 4046 | -6/Zion | Discovered new exit (range 11) 4084 | -6/Zion | Learned Factory emergency access door positions 4366 | -6/Zion | Discovered new exit (range 5) 4366 | -6/Zion | Saw the warning signs outside the Deep Caves entrance 4399 | -6/Zion | Entered Deep Caves 4400 | -6/Deep Caves | Met 5H-AD0 4480 | -6/Deep Caves | Z-Facility disabled 4611 | -6/Deep Caves | Build established: Sprinter 4623 | -6/Deep Caves | Attacked by Z-Imprinter 4639 | -6/Deep Caves | Allies destroyed Z-Imprinter 4679 | -6/Deep Caves | Lost 4 parts (2u2w) 4680 | -6/Deep Caves | Found Prototype Device 4680 | -6/Deep Caves | Identified Zio. Metafield Generator 4924 | -6/Deep Caves | Found Prototype Protection 4924 | -6/Deep Caves | Identified Zio. Heavy Carapace 5147 | -6/Deep Caves | Found Surveybot 24 Chip 5149 | -6/Deep Caves | Found Surveybot 24 Scanner 5178 | -6/Deep Caves | Discovered new exit (range 9) 5320 | -6/Deep Caves | Spotted as-00293 5466 | -6/Deep Caves | Found Zio. Weapon Casing 5492 | -6/Deep Caves | Found Zio. Weapon Casing 5560 | -6/Deep Caves | Entered Proximity Caves 5724 | -5/Proximity Caves | Spotted B-75 Beast 5761 | -5/Proximity Caves | Learned Factory non-interactive machine intel 5828 | -5/Proximity Caves | Discovered exit to Factory (range 17) 5837 | -5/Proximity Caves | Entered Factory 5837 | -5/Factory | Evolved 2 slots: Power x1, Utility x1 5840 | -5/Factory | Loaded intel: 200 non-interactive machine locations 5841 | -5/Factory | Loaded intel: 26 terminal locations 5855 | -5/Factory | Identified exit to Upper Caves 5901 | -5/Factory | Discovered new exit (range 8) 5967 | -5/Factory | Entered Upper Caves 6107 | -5/Upper Caves | Learned location of 1 exit from Proximity Caves 6125 | -5/Upper Caves | Discovered new exit (range 22) 6304 | -5/Upper Caves | Spotted B-75 Beast 6323 | -5/Upper Caves | Revealed the true nature of CR-A16's Pointy Stick 6331 | -5/Upper Caves | Destroyed B-75 Beast 6360 | -5/Upper Caves | Lost 6 parts (5n1u) 6595 | -5/Upper Caves | Identified exit to Upper Caves 6597 | -5/Upper Caves | Entered another Upper Caves area 6851 | -5/Upper Caves | Discovered new exit (range 22) 6863 | -5/Upper Caves | Spotted X0-933(f) 6863 | -5/Upper Caves | Spotted EW-VQL(f) 6864 | -5/Upper Caves | Encountered a Master Thief 6864 | -5/Upper Caves | Encountered a Master Thief 6866 | -5/Upper Caves | AWS/Autocannon stolen by Master Thief 6869 | -5/Upper Caves | Exp. Reaction Control System stolen by Master Thief 6872 | -5/Upper Caves | Spotted 3C-VW8(f) 6873 | -5/Upper Caves | Encountered a Master Thief 6873 | -5/Upper Caves | Spotted OC-XLZ(f) 6874 | -5/Upper Caves | Encountered a Master Thief 6880 | -5/Upper Caves | Adv. Phase Shifter stolen by Master Thief 6884 | -5/Upper Caves | Zio. Light DM Reactor stolen by Master Thief 6917 | -5/Upper Caves | Identified exit to Zhirov 6919 | -5/Upper Caves | Entered Zhirov 6919 | -5/Zhirov | Discovered new exit (range 3) 6955 | -5/Zhirov | Met Zhirov 6990 | -5/Zhirov | Learned location of Quarantine (-2) 6990 | -5/Zhirov | Learned location of Testing (-3) 6990 | -5/Zhirov | Learned location of Command (-1) 7010 | -5/Zhirov | Zhirov requested help retrieving the SGEMP Prototype 7051 | -5/Zhirov | Found Alien Artifact 7051 | -5/Zhirov | Identified Integrated Dissipator 7051 | -5/Zhirov | Installed Integrated Dissipator, increased core heat dissipation (+20) 7074 | -5/Zhirov | Found Alien Artifact 7211 | -5/Zhirov | Identified exit to Proximity Caves 7214 | -5/Zhirov | Entered Proximity Caves 7215 | -4/Proximity Caves | Identified exit to Factory 7320 | -4/Proximity Caves | Spotted B-86 Titan 7325 | -4/Proximity Caves | Destroyed B-86 Titan 7520 | -4/Proximity Caves | Lost 3 parts (1p1n1w) 7646 | -4/Proximity Caves | Lost 3 parts (1u2w) 8074 | -4/Proximity Caves | Lost 4 parts (1n2u1w) 8082 | -4/Proximity Caves | Build established: Scavenger-Mutant 8187 | -4/Proximity Caves | Attracted the attention of an 0b10 checkpoint 8314 | -4/Proximity Caves | Learned location of Armory (-4) 8324 | -4/Proximity Caves | Entered Factory 8324 | -4/Factory | Evolved 2 slots: Utility x2 8325 | -4/Factory | Loaded intel: 26 terminal locations 8435 | -4/Factory | Found Quantum Capacitor 8914 | -4/Factory | P-70 Sage assimilated allied Technician 7a 8964 | -4/Factory | Lost 5 parts (4n1u) 8969 | -4/Factory | Build established: Hacker-Mutant 9131 | -4/Factory | Identified exit to Upper Caves 9131 | -4/Factory | Identified exit to Armory 9178 | -4/Factory | Found Prototype Slashing Weapon 9178 | -4/Factory | Identified Centrium Greatsword 9188 | -4/Factory | Found Centrium Greatsword 9190 | -4/Factory | Found Centrium Greatsword 9448 | -4/Factory | Lost 9 parts (1p3n2u3w) 9478 | -4/Factory | Spotted B-86 Titan 9486 | -4/Factory | Destroyed B-86 Titan 9543 | -4/Factory | Lost 7 parts (1p3n1u2w) 9672 | -4/Factory | Lost 10 parts (1p6n1u2w) 9731 | -4/Factory | Identified Transdimensional Reconstructor 9731 | -4/Factory | Warped through subspace 9734 | -4/Factory | Discovered new exit (range 11) 9783 | -4/Factory | Identified exit to Research 9859 | -4/Factory | Entered Research 9859 | -3/Research | Evolved 2 slots: Utility x2 9980 | -3/Research | Identified exit to Testing 10129 | -3/Research | Discovered new exit (range 7) 10130 | -3/Research | Identified exit to Research 10133 | -3/Research | Discovered exit to Research (range 14) 10143 | -3/Research | Spotted B-86 Titan 10170 | -3/Research | Found Fusion Bomb Launcher 10193 | -3/Research | Entered Testing 10205 | -3/Testing | Lost 4 parts (1p2u1w) 10253 | -3/Testing | Found Prototype Ballistic Cannon 10253 | -3/Testing | Identified Omega Cannon 10282 | -3/Testing | Found Spectral Analyzer 10310 | -3/Testing | Spotted PL-3P71DMIPO7 10401 | -3/Testing | Found Prototype Energy Cannon 10401 | -3/Testing | Identified Null Cannon 10429 | -3/Testing | Found Prototype Energy Cannon 10429 | -3/Testing | Identified Disintegrator 10920 | -3/Testing | Lost 3 parts (1n2u) 11025 | -3/Testing | Protovariant out of control (PL-3P71DMIPO7) 11025 | -3/Testing | Unleashed a protovariant (PL-3P71DMIPO7) 11033 | -3/Testing | Found Prototype Energy Gun 11033 | -3/Testing | Identified Hyp. EM Gauss Rifle 11052 | -3/Testing | Incoming assault squad redirected 11068 | -3/Testing | Spotted Striker 11068 | -3/Testing | Spotted Striker 11102 | -3/Testing | Destroyed Striker 11105 | -3/Testing | Spotted Alpha 7 11132 | -3/Testing | Destroyed Striker 11140 | -3/Testing | Destroyed Alpha 7 11158 | -3/Testing | Lost 5 parts (2p2n1u) 11166 | -3/Testing | Stole the SGEMP Prototype 11198 | -3/Testing | Entered Research 11198 | -2/Research | Evolved 2 slots: Propulsion x1, Utility x1 11230 | -2/Research | Spotted B-90 Cyclops 11311 | -2/Research | Identified exit to Access 11361 | -2/Research | Spotted B-90 Cyclops 11384 | -2/Research | Destroyed B-90 Cyclops 11388 | -2/Research | Found Quantum Capacitor 11427 | -2/Research | Entered Access 11427 | -1/Access | Evolved 2 slots: Utility x2 11428 | -1/Access | Loaded intel: 104 machine locations 11428 | -1/Access | Loaded intel: 90 trap records 11428 | -1/Access | Identified exit to Surface 11428 | -1/Access | Discovered exit to Surface (range 244) 11428 | -1/Access | Identified exit to Command 11428 | -1/Access | Discovered exit to Command (range 129) 11428 | -1/Access | Delivered the SGEMP Prototype to Zhirov 11428 | -1/Access | Zhirov transferred Access data 11549 | -1/Access | Zhirov warped through subspace 11602 | -1/Access | Lost 3 parts (2n1u) 11714 | -1/Access | Spotted B-99 Colossus 11731 | -1/Access | Destroyed B-99 Colossus 11779 | -1/Access | Lost 3 parts (3u) 11927 | -1/Access | First assault squad dispatched 11943 | -1/Access | Entered Command 12167 | -1/Command | Spotted B-99 Colossus 12186 | -1/Command | Destroyed B-99 Colossus 12187 | -1/Command | Crushed by falling debris 12226 | -1/Command | Destroyed 10 combat bots 12276 | -1/Command | Spotted Striker 12285 | -1/Command | Spotted Alpha 7 12286 | -1/Command | Spotted Executioner 12291 | -1/Command | Lost 4 parts (2n2u) 12299 | -1/Command | Spotted Executioner 12302 | -1/Command | Build established: Scavenger-Mutant 12315 | -1/Command | Destroyed Striker 12324 | -1/Command | Destroyed Executioner 12346 | -1/Command | Core integrity fell below 50% 12374 | -1/Command | Core integrity fell below 20% 12382 | -1/Command | Destroyed by H-88 Terminator with KE Penetrator Last Messages --------------- 12376_ K-01 Serf collects debris. 12378_ Penetrated by Slug. 12378_ Slug penetrates Earth. 12379_ The unstable cave ceiling collapses. 12379_ Destroyed Prototype Energy Gun. 12379_ Alpha 7 Antimissile System blasted off. 12379_ Alpha 7 knocked back. 12379_ Slug penetrates Earth. 12379_ Penetrated by Slug. 12379_ Omega Cannon destroyed. 12379_ Slug penetrates Earth. 12379_ K-01 Serf collects debris. 12380_ Penetrated by Slug. 12380_ Slug penetrates Earth. 12380_ Penetrated by Slug. 12380_ Slug penetrates Earth. 12381_ Dropped Rnf. Quantum Reactor. 12381_ Penetrated by Slug. 12381_ Slug penetrates Earth. 12382_ Penetrated by Slug. Map ----- +----------------------------------------------------+ | ????????????????????????????????????????????# #?? | | ????????????????????????????????????????????# #?? | | ????????????????????????????????????????????# #?? | | ????????????????????????????????????????????# #?? | | ????????????????????????????????????????????# #?? | | ????????????????????????????????????????????####?? | | ???????????????????????????????????????????####### | | ???????????????????????????????????????? ??# | | ???????????????????????????????????????? ??#] | | ???????????????????????????????????????? ????????? | | ???????????????????????????????????????? ???+????? | | ???????????????????????????????????????# #?# ????? | | ???????????????????????????????????????# #?# #???? | | ??????????????#????????????????????????# #?# #???? | | ??????????????# ???????????????????????# #?# #???? | | ???????########+#####????????##+???????# #?# #???? | | ???????# #???????# # ???????# #?# ##### | | ???????# ??????# # ???????# #?# | | ???????# #?????# ?# ######?# #?# | | ???????# ""######;#### # ### ### | | ???????# """" "" # # ! ## | | ???????# """" " " # # + | | ???????# """" " # # ## | | ???????# """" [ ] # # = ## ^ | | ???????# =!E] % # ## "" "" | | ???????# [ k] @ #! ## "R"" | | ???????# ! !7!* # # ## """ | | ???????# w # #" | | ???????#######+# % ## # # "* | | ??????????? # %% % | | ????? h # ! # ""%######### | | ??? # % ;####???????? | | ??? | ??????????? | | ???? # % ??????????? | | ????#####+#/###; # | # #??????????? | | ??????? ? ####??????????? | | ?????? #### ## #?????????????? | | ????? # #?????????????? | | ???? # %% #?????????????? | | ??? # ###### #?????????????? | | ? ? * ""T " # #????# #?????????????? | | ? ? """"" # #????# #?????????????? | | ?#?+######?####### # # "#????# #?????????????? | | ??# ?????????????############????# #?????????????? | | ?????????????????????????????????# #?????????????? | | ?????????????????????????????????? #?????????????? | | ?????????????????????????????????? #?????????????? | | ?????????????????????????????????? ?????????????? | | ?????????????????????????????????? ?????????????? | | ?????????????????????????????????? ?????????????? | +----------------------------------------------------+ Best States ------------- Heat Dissipation 103 Energy Generation 57 Energy Capacity 700 Matter Stores 300 Matter Capacity 300 Sight Range 24 Robot Scan Range 16 Terrain Scan Range 24 Terrain Scan Density 2010 Jamming Range 16 Power Amplification 20 EM Shielding 3 Corruption Block 15 Armor Coverage 1200 Core Shielding 40 Propulsion Shielding 33 Weapon Shielding 100 Phase Shifting 15 Evasion (%) 86 Target Analysis 8 Armor Integrity Analysis 40 Recoil Reduction 8 Offensive Hacking 36 Defensive Hacking 36 Item Schematics ----------------- Combat Drone Bay | -7/Data Miner | Free Lgt. Regenerative Plating | -7/Data Miner | Free Cld. Aerolev Unit | -7/Data Miner | Free Thermal Defense Suite | -7/Data Miner | Free Prc. Rocket Launcher | -7/Data Miner | Free Antigrav System | -7/Data Miner | Free Imp. Focal Shield | -7/Data Miner | Free Hvy. Shock Bomb Launcher | -7/Data Miner | Free Stasis Canceller | -7/Data Miner | Free Imp. Plasma Cutter | -7/Data Miner | Free Imp. Signal Interpreter | -6/Factory | Hacked Adv. Sensor Array | -6/Factory | Hacked System Guard | -6/Zion | Archive Coil Gun | -6/Zion | Archive Adv. System Restoration Module | -6/Zion | Archive Imp. Core Shielding | -6/Zion | Archive Imp. Force Field | -6/Zion | Archive Magnetic Acceleration Cannon | -6/Zion | Archive Imp. Arc Projector | -6/Zion | Archive Hvy. Pick | -6/Zion | Archive Hyp. Coil Gun | -6/Zion | Archive Imp. Proton Missile Launcher | -6/Zion | Archive Imp. Arc Thrower | -6/Zion | Archive Enh. Gauss Cannon | -6/Zion | Archive Proton Cannon | -6/Zion | Archive Tiamat Missile Launcher | -6/Zion | Archive Exp. Heat Sink | -5/Zhirov | Free Assault Drone Bay | -5/Zhirov | Free Exp. Optical Array | -5/Zhirov | Free Cmb. Linear Gravjet | -4/Factory | Hacked Robot Schematics ------------------ M-14 Sweeper | -7/Data Miner | Free G-47 Trooper | -7/Data Miner | Free H-66 Slayer | -7/Data Miner | Free Y-54 Guardian | -7/Data Miner | Free R-10 Processor | -6/Zion | Archive T-07 Excavator | -6/Zion | Archive S-27 Virus | -6/Zion | Archive Fabricated ------------ Imp. Plasma Cutter | x2 | -6/Factory Alien Tech Used ----------------- Core Expander Integrated Dissipator Transdimensional Reconstructor Achievements -------------- Rampage Special Delivery Challenges ------------ None Game ------ Seed CentriumWeaponAnalyzer Manual? 0 Play Time 05:11:28 Cumulative 209.3 hours Start 2022.06.03 @ 19:13:37 End 2022.06.04 @ 02:34:27 Sessions 3 Manual Loads 0 Difficulty Rogue Special Mode None Game No. 268 Rogue 268 Adventurer 0 Explorer 0 Win Type - Total 10 Types 8/0/1/1/0/0/0/0/0 Lore% 60 Gallery% 81 Achievement% 71 Wizard Run 0 Options --------- ASCII 0 Keyboard 0 Movement Numpad Keybinds 0 Fullscreen 1 Font 18/Terminus Map View 76x50 Tactical HUD 1 Map Filters NONE Filters NONE Steam 1 RUN: decf7aed-4187-4f5a-9325-afed60f37e98